 Dungeon Crawl Stone Soup version 0.28-a0-1339-ga5422284a4 (webtiles) character file.

Game seed: 15286653691442116237

76 croobank the Insei (level 4, 0/29 HPs)
             Began as an Octopode Transmuter on Dec 29, 2021.
             Slain by a goblin (5 damage)
             ... led by Robin
             ... on level 2 of the Dungeon.
             The game lasted 00:05:55 (1500 turns).

croobank the Insei (Octopode Transmuter)            Turns: 1500, Time: 00:05:59

Health: 0/29       AC:  1    Str: 11    XL:     4   Next: 32%
Magic:  5/7        EV: 13    Int: 15    God:
Gold:   56         SH:  0    Dex: 12    Spells: 5/8 levels left

rFire   . . .      SeeInvis .   f - +3 dagger
rCold   . . .      Faith    .   (no shield)
rNeg    . . .      Spirit   .   (helmet restricted)
rPois   .          Reflect  .   (no amulet)
rElec   .          Harm     .   (no ring)
rCorr   .          Rampage  .   (no ring)
Will    .....                   (no ring)
Stlth   ++........              (no ring)
HPRegen 0.09/turn               (no ring)
MPRegen 0.10/turn               (no ring)
                                (no ring)
                                (no ring)

@: lethally poisoned (0 -> -12), wereblooded
A: almost no armour, amphibious, 8 rings, camouflage 1, gelatinous body 1,
(nimble swimmer 1), tentacles
a: no special abilities


You were on level 2 of the Dungeon.
You visited 1 branch of the dungeon, and saw 2 of its levels.

You collected 56 gold pieces.

Inventory:

Hand Weapons
 b - a +0 short sword
 f - a +3 dagger (weapon)
Missiles
 c - 26 stones
 e - 12 bolts
 g - 18 arrows
Scrolls
 d - a scroll of enchant armour


   Skills:
 + Level 1.8 Fighting
 + Level 2.6 Dodging
 + Level 3.4 Unarmed Combat
 + Level 2.5 Spellcasting
 + Level 2.6 Transmutations


You had 5 spell levels left.
You knew the following spells:

 Your Spells              Type           Power      Damage    Failure   Level
a - Beastly Appendage     Tmut           18%        N/A       7%          1
b - Wereblood             Tmut           9%         N/A       11%         2

Your spell library contained the following spells:

 Spells                   Type           Power      Damage    Failure   Level
 Spider Form              Tmut/Pois      5%         N/A       36%         3
 Ice Form                 Ice/Tmut       5%         N/A       77%         4


Dungeon Overview and Level Annotations

Branches:
Dungeon (2/15)

Altars:
Beogh

Shops:
D:2 !

Annotations:
D:2 Robin


Innate Abilities, Weirdness & Mutations

You cannot wear most types of armour.
You are amphibious.
You can wear up to eight rings at the same time.
Your skin changes colour to match your surroundings (Stealth+).
Your rubbery body absorbs attacks. (AC +1, EV +1)
((You are camouflaged when in or above water. (Stealth+)))
You have tentacles for arms and can constrict up to eight enemies at once.


Message History

You puncture the hobgoblin!
You feel a bit better.
You kill the hobgoblin!
You now have 56 gold pieces (gained 5).
Things that are here:
a +0 club; a hobgoblin corpse You howl as the wereblood boils in your veins!
You hear a shout! x2
Robin of the Strong Arm comes into view.
They are wielding a +0 mace.
Robin throws the goblin at you! The goblin closely misses you.
You see here a bubbling sapphire potion.
Robin roars a battlecry!
The goblin goes into a battle-frenzy!
You see here 10 gold pieces.
A goblin comes into view. It is wielding a +0 club.
Your tentacle spike disappears.
You howl as the wereblood boils in your veins!
You hear a shout!
The goblin hits you with a +0 club. Robin misses you.
You hit Robin. Your grab misses Robin.
Robin is moderately wounded.
The goblin completely misses you. The goblin closely misses you.
You hit Robin. You grab Robin. You squeeze Robin.
Robin is heavily wounded.
You howl as the wereblood boils in your veins!
You constrict Robin.
You hear a shout!
The goblin hits you with a +0 club.
The goblin hits you with a +0 dagger of venom.
You are lethally poisoned!
Robin misses you.
You aren't carrying any potions.
As you read the scroll labelled FEVIRH YNUPIAPPUB, it crumbles to dust.
It is a scroll of identify.
d - a scroll of enchant armour You constrict Robin.
* * * LOW HITPOINT WARNING * * *
You feel very sick. The goblin misses you.
The goblin hits you with a +0 dagger of venom.
You die...

. ##.## .
##.#.## .##
##.#.#.## ..#
##.#.#.#.##
#.#
##.#.###.#.##
..## ##.#.##
##.#.## #..#
##.#.##.#
##.#.## ...##
##.#.##
#g#.##.#.##
....###.#.##
#@#.##.#.##
....##.#.##
##gg#.##.#.#
....#.#.##
##$.#.##.#.##
.....#.##
##.!#.##.#.##
.#...[##
##.#).##.#.##
.....##
##.#..##.#.##
.##.##
#†#.†##.#.##
. #..
##.#)#.#.##
##. ##.#†#.##


You could see Robin and 2 goblins.

Vanquished Creatures
  Natasha (D:2)
  An adder (D:2)
  A worm (D:2)
  4 dart slugs
  2 endoplasms
  A giant cockroach (D:1)
  2 goblins
  4 hobgoblins
  3 jackals (D:1)
  2 bats
  2 frilled lizards
  6 kobolds (D:1)
  A rat (D:1)
30 creatures vanquished.

Notes
Turn   | Place    | Note
-------+----------+-------------------------------------------
     0 | D:1      | croobank the Octopode Transmuter began the quest for the
                  | Orb.
     0 | D:1      | Reached XP level 1. HP: 13/13 MP: 3/3
   251 | D:1      | Reached XP level 2. HP: 11/18 MP: 3/5
   385 | D:1      | Found a faded altar of an unknown god.
   427 | D:1      | Learned a level 2 spell: Wereblood
   728 | D:1      | Reached XP level 3. HP: 23/23 MP: 4/6
   861 | D:1      | You fall into a shaft and drop 1 floor!
   867 | D:2      | Found Aqocha's Distillery.
  1479 | D:2      | Noticed Natasha
  1486 | D:2      | Killed Natasha
  1487 | D:2      | Reached XP level 4. HP: 22/29 MP: 4/7
  1493 | D:2      | Noticed Robin
  1500 | D:2      | Slain by a goblin

Illustrated notes

Levels and vault maps discovered:
D:1:      dpeg_arrival_boxorama, layout_basic,
          hellmonk_ecumenical_altar_defaced_shrine, st_stairs_13, fountainhead
D:2:      minmay_inner_zag, layout_basic, serial_shops, shop_statue, uniq_robin,
          uniq_natasha, uniq_crazy_yiuf_cottage

Action                   |  1- 3 |  4- 6 || total
-------------------------+-------+-------++-------
Melee: Unarmed           |    31 |       ||    31
       Constrict         |    13 |     2 ||    15
       Kick              |    13 |       ||    13
       Tentacles         |     9 |     1 ||    10
       Dagger            |    32 |     4 ||    36
 Cast: Beastly Appendage |    16 |       ||    16
       Wereblood         |     1 |       ||     1
  Use: Scroll            |       |     1 ||     1
 Stab: Sleeping          |     6 |       ||     6
Armor: Skin              |     2 |       ||     2
Dodge: Dodged            |    31 |     6 ||    37

Table legend: (Time is in decaauts)
 A = Elapsed time spent in this place.
 B = Non-inter-level travel time spent in this place.
 C = Inter-level travel time spent in this place.
 D = Time resting spent in this place.
 E = Time spent auto-exploring this place.
 F = Levels seen in this place.
 G = Mean time per level.
                   A        B        C        D        E       F      G
               +--------+--------+--------+--------+--------+-----+--------+
         Total |   1497 |   1497 |      0 |    476 |    733 |   2 |  748.5 |
       Dungeon |   1497 |   1497 |      0 |    476 |    733 |   2 |  748.5 |
               +--------+--------+--------+--------+--------+-----+--------+

Top non-repeatable levels by time:
     D:1: 858 daAuts
     D:2: 638 daAuts
